[Event "*** SCC Grand Prix: Titled Tuesday Blitz"]
[Site "Chess.com"]
[Date "2020.06.23"]
[Round "8"]
[White "enzovsky"]
[Black "Iljushin_Alexey"]
[Result "1-0"]
[WhiteElo "2383"]
[BlackElo "2706"]
[TimeControl "180+1"]
[EndTime "11:34:30 PDT"]
[Termination "enzovsky won by resignation"]

1. e4 c6 2. d4 d5 3. e5 Bf5 4.
h4 h5 5. Bd3 Bxd3 6. Qxd3 e6 7.
Bg5 Qa5+ 8. Nd2 Qa6 9. c4 Nd7 10. Ne2 Ne7 11. O-O Nf5 12. Ng3 g6 13. Nxf5 gxf5 14.
Qc2 Bb4 15. cxd5 cxd5 16. a3 Bxd2 17. Qxd2 Rc8 18. b4 Rg8 19. Rfc1 Rc4 20. Rab1 b5 21. Qe2 Rh8 22. Bf6 Rh6 23. Qe3 Rg6 24. g3 Nxf6 25. exf6 Rxf6 26. a4 Rg6 27. Ra1 bxa4 28. b5 Qxb5 29.
Rab1 Rb4 30. Rxb4 Qxb4 31. Qe5 Qb7 32. Qd6 e5 33. Qxe5+ Re6 34. Qxf5 a3 35. Rb1 Rb6 36. Ra1 Rb3 37. Kh2 Kf8 38. Qxh5 Qb4 39. Qxd5 Rb2 40. Qd8+ Kg7 41. Qg5+ Kf8 42. Qf6 a2 43. Rc1 Qb7 44. Qh8+ Ke7 45. Re1+ Kd7 46. Qe8+ Kd6 47. Qe5+ Kc6 48.
Qc5+ 1-0

[Event "*** SCC Grand Prix: Titled Tuesday Blitz"]
[Site "Chess.com"]
[Date "2020.06.23"]
[Round "8"]
[White "goofypenguin96"]
[Black "NormWeinstein"]
[Result "1-0"]
[WhiteElo "2368"]
[BlackElo "2503"]
[TimeControl "180+1"]
[EndTime "11:34:32 PDT"]
[Termination "goofypenguin96 won on time"]

1. e4 c5 2. c3 d6 3. d4 Nf6 4.
Bd3 cxd4 5. cxd4 Nc6 6. Nf3 Bg4 7. Nc3 Nxd4 8. Be3 Nxf3+ 9. gxf3 Bd7 10. Qb3 Bc6 11.
O-O-O Qc7 12. Kb1 a6 13. Bb6 Qc8 14. Nd5 Bxd5 15. exd5 Nd7 16. Rc1 Nc5 17. Qc2 Qd7 18. b4 Nxd3 19. Qxd3 g6 20. Rc7 Qf5 21. Qxf5 gxf5 22.
Re1 Rg8 23. Rxb7 Rg2 24. Be3 Rxh2 25. Bg5 f6 26. Bxf6 Rxf2 27. Bxe7 Bxe7 28. Rexe7+ Kf8 29. Rxh7 Kg8 30. Rhg7+ Kh8 31. Rh7+ 1-0

[Event "*** SCC Grand Prix: Titled Tuesday Blitz"]
[Site "Chess.com"]
[Date "2020.06.23"]
[Round "8"]
[White "AlexOstrovskiy"]
[Black "IMHansNiemann"]
[Result "0-1"]
[WhiteElo "2710"]
[BlackElo "2962"]
[TimeControl "180+1"]
[EndTime "11:34:33 PDT"]
[Termination "IMHansNiemann won on time"]

1. d4 d5 2. Bf4 c5 3. e3 Nc6 4. c3 Nf6 5. Nd2 Qb6 6. Qc2 Nh5 7. Bg5 h6 8. Bh4 g6 9. h3 Bg7 10. Ngf3 O-O 11. Bd3 cxd4 12. exd4 Nf4 13. O-O Nxd3 14. Qxd3 Bf5 15. Qe3 Qxb2 16. Nb3 Rfe8 17. Ne5 Rac8 18.
Rfc1 Qa3 19. g4 Nxe5 20. dxe5 Bd7 21. Nd4 e6 22. Bf6 Rc4 23. Rab1 b6 24. Qf4 Qf8 25.
h4 Rec8 26. Rb3 Ba4 27. Rb2 Rxc3 28. Rxc3 Rxc3 29. Nf3 Rc4 30. Qg3 Bc2 31. h5 Be4 0-1

[Event "*** SCC Grand Prix: Titled Tuesday Blitz"]
[Site "Chess.com"]
[Date "2020.06.23"]
[Round "8"]
[White "verdest"]
[Black "colegiodemadrid"]
[Result "0-1"]
[WhiteElo "2544"]
[BlackElo "2404"]
[TimeControl "180+1"]
[EndTime "11:34:33 PDT"]
[Termination "colegiodemadrid won by resignation"]

1. d4 Nf6 2. c4 g6 3. g3 Bg7 4.
Bg2 c5 5. Nf3 O-O 6. Nc3 cxd4 7.
Nxd4 Nc6 8. O-O Qa5 9. Nb3 Qh5 10.
e4 Qxd1 11. Rxd1 d6 12. h3 Be6 13. Nd5 Rfc8 14. Be3 Kf8 15. Rac1 Ne5 16. Nd2 Nd3 17. Rc2 Nxd5 18. exd5 Bf5 19. Be4 Nxb2 20. Rb1 Bxe4 21. Nxe4 Nxc4 22. Bg5 b6 23. Rbc1 b5 24. a4 a6 25. axb5 axb5 26. Rb1 Ra1 27. Rxa1 Bxa1 28. Ra2 Bd4 29. Bh6+ Bg7 30. Bg5 h6 31. Bf4 b4 32.
Ra7 b3 33. Rb7 b2 34. Nd2 Nxd2 35. Bxd2 f5 36. Ba5 0-1

[Event "*** SCC Grand Prix: Titled Tuesday Blitz"]
[Site "Chess.com"]
[Date "2020.06.23"]
[Round "8"]
[White "silverback96"]
[Black "ajian"]
[Result "0-1"]
[WhiteElo "2273"]
[BlackElo "2397"]
[TimeControl "180+1"]
[EndTime "11:34:35 PDT"]
[Termination "ajian won by resignation"]

1. Nf3 Nf6 2. c4 e6 3. b3 d5 4.
Bb2 c5 5. e3 Nc6 6. cxd5 exd5 7. Bb5 Bg4 8. d4 cxd4 9. Qxd4 Be7 10. h3 Bh5 11. g4 Bg6 12. h4 Bxb1 13. Bxc6+ bxc6 14. Rxb1 O-O 15. h5 Ne8 16. h6 Bf6 17. Qd3 g6 18. g5 Bxb2 19. Rxb2 f6 20. Nh4 Qe7 21.
gxf6 Qxf6 22. f4 Qxb2 23. Nxg6 hxg6 24. Qxg6+ Kh8 25. Rg1 Qf6 26. Qg5 Qxg5 27. fxg5 Kh7 28. g6+ Kxh6 29. g7 Nxg7 30. Rh1+ Nh5 31. Rg1 Rg8 0-1

[Event "*** SCC Grand Prix: Titled Tuesday Blitz"]
[Site "Chess.com"]
[Date "2020.06.23"]
[Round "8"]
[White "argentum049"]
[Black "akashcheck"]
[Result "1-0"]
[WhiteElo "2406"]
[BlackElo "2222"]
[TimeControl "180+1"]
[EndTime "11:34:35 PDT"]
[Termination "argentum049 won on time"]

1. d4 d5 2. c4 e6 3. Nf3 a6 4. cxd5 exd5 5. Bf4 Bd6 6. Bg3 Ne7 7. Qc2 c6 8. e3 Bf5 9. Bd3 Bxd3 10. Qxd3 O-O 11. Ne5 Ng6 12. O-O Qe7 13. Qc3 Nxe5 14. dxe5 Bc7 15.
Nd2 Nd7 16. f4 f6 17. Bh4 Qe8 18. exf6 Nxf6 19. Nf3 Ng4 20. Rae1 Bb6 21. Kh1 Qe4 22. Qb3 Ba7 23. Ng5 Qe7 24. e4 h6 25. Nf3 Qf7 26.
exd5 cxd5 27. h3 Nf6 28. Ne5 Qc7 29. Bxf6 Rxf6 30. Qxd5+ Kh8 31. Rc1 Qe7 32. Qe4 Qe8 33. Rc7 Rd8 34. Nf7+ 1-0

[Event "*** SCC Grand Prix: Titled Tuesday Blitz"]
[Site "Chess.com"]
[Date "2020.06.23"]
[Round "8"]
[White "picturesquecheck"]
[Black "Thipsay"]
[Result "0-1"]
[WhiteElo "2119"]
[BlackElo "2482"]
[TimeControl "180+1"]
[EndTime "11:34:36 PDT"]
[Termination "Thipsay won by resignation"]

1. e4 e5 2. Nf3 Nc6 3. Bb5 a6 4. Ba4 Nf6 5. O-O Be7 6. Re1 b5 7. Bb3 O-O 8. a4 Rb8 9. axb5 axb5 10.
d4 exd4 11. Nxd4 Nxd4 12. Qxd4 c5 13. Qd1 c4 14. Ba2 Bb7 15. Nc3 b4 16. Nd5 Nxd5 17.
exd5 Rc8 18. c3 b3 19. Bb1 Bf6 20. Be3 d6 21. Ra7 Qd7 22. Qh5 g6 23. Qf3 Bg7 24. h4 Qb5 25. Rd1 Ra8 26. Rxa8 Rxa8 27. Be4 f5 28. Bb1 Ra1 29. g4 fxg4 30. Qxg4 Bxd5 31. Qc8+ Bf8 32. Bh6 Ra8 33. Qc7 Bxh6 34. Qxd6 Bf7 35.
Be4 Rf8 36. Qf6 Qh5 37. Rd7 Qg4+ 0-1

[Event "*** SCC Grand Prix: Titled Tuesday Blitz"]
[Site "Chess.com"]
[Date "2020.06.23"]
[Round "8"]
[White "Makswolf200817"]
[Black "aNaartjieZA"]
[Result "1-0"]
[WhiteElo "2438"]
[BlackElo "2561"]
[TimeControl "180+1"]
[EndTime "11:34:38 PDT"]
[Termination "Makswolf200817 won by resignation"]

1. Nf3 Nf6 2. c4 g6 3. g3 Bg7 4. Bg2 O-O 5. O-O d6 6. d4 c6 7. Nc3 Qa5 8. e4 Bg4 9. h3 Bxf3 10. Bxf3 Nfd7 11. Be3 Qb4 12. Qb3 Qxb3 13. axb3 Na6 14. Ra4 e5 15. d5 Nac5 16. Ra3 cxd5 17. Nxd5 a6 18. Rd1 Rfd8 19. b4 Ne6 20. Bg4 Ndf8 21. Nb6 Rab8 22. b5 axb5 23. cxb5 h5 24. Bf3 Nd4 25.
Bxd4 exd4 26. Ra7 Ne6 27. b4 h4 28. gxh4 Nc7 29. Be2 Bf6 30. Kg2 Kg7 31. Rc1 Ne6 32. Bg4 Nf4+ 33. Kf3 Nd3 34. Rc7 Ne5+ 35. Ke2 d3+ 36. Kd2 Bg5+ 37. hxg5 1-0

[Event "*** SCC Grand Prix: Titled Tuesday Blitz"]
[Site "Chess.com"]
[Date "2020.06.23"]
[Round "8"]
[White "DishonorOnYourCow"]
[Black "m_ezat"]
[Result "0-1"]
[WhiteElo "2339"]
[BlackElo "2551"]
[TimeControl "180+1"]
[EndTime "11:34:39 PDT"]
[Termination "m_ezat won by checkmate"]

1. d4 Nf6 2. c4 g6 3. Nc3 Bg7 4. e4 d6 5. f4 O-O 6. Nf3 c5 7.
d5 e5 8. dxe6 Bxe6 9. Bd3 Nc6 10. f5 Bd7 11. O-O Ng4 12. Nd5 Nd4 13. Bf4 gxf5 14. Bxd6 fxe4 15. Bxe4 f5 16. Bxf8 Qxf8 17. Bd3 Qd6 18. g3 Bc6 19. Qd2 Bh6 20. Qg2 Ne3 21. Qh3 Nxf1 22. Rxf1 Bxd5 23. cxd5 Be3+ 24.
Kh1 Qxd5 25. Qg2 Nxf3 26. Qxf3 Qxd3 27. Re1 Re8 28. Qxb7 Qe4+ 29. Qxe4 Rxe4 30. Kg2 Bd4 31. Rc1 Re2+ 32. Kf3 Rf2# 0-1

[Event "*** SCC Grand Prix: Titled Tuesday Blitz"]
[Site "Chess.com"]
[Date "2020.06.23"]
[Round "8"]
[White "Khvicha_Supatashvili"]
[Black "GigaQuparadze"]
[Result "0-1"]
[WhiteElo "2651"]
[BlackElo "2829"]
[TimeControl "180+1"]
[EndTime "11:34:40 PDT"]
[Termination "GigaQuparadze won on time"]

1. d4 Nf6 2. c4 e6 3. Nf3 b6 4. g3 Bb7 5. Bg2 g6 6. O-O Bg7 7. Nc3 Ne4 8. Nxe4 Bxe4 9. Bg5 Qc8 10. Qd2 O-O 11. Bh6 d6 12. Bxg7 Kxg7 13. c5 Nc6 14. Rac1 Qd7 15. cxd6 cxd6 16. Ne1 Bxg2 17. Nxg2 Ne7 18.
Nf4 Rac8 19. Nd3 Nf5 20. e3 Qb5 21. Rc3 Qa5 22. Rfc1 Rxc3 23. Qxc3 Qxa2 24. e4 Nh6 25. f4 Kg8 26. h3 Qa6 27. Nb4 Qe2 28. Re1 Qb5 29. d5 Qc5+ 30. Qxc5 bxc5 31. Nc6 exd5 32.
exd5 Nf5 33. g4 Nd4 34. Nxd4 cxd4 35. Rd1 Rb8 36. Rxd4 Rxb2 37. Ra4 Rb5 38. Rxa7 Rxd5 39. Kf2 h5 40. g5 Rd3 41. Kg2 Kf8 0-1

[Event "*** SCC Grand Prix: Titled Tuesday Blitz"]
[Site "Chess.com"]
[Date "2020.06.23"]
[Round "8"]
[White "vova-79"]
[Black "fabianvivasz"]
[Result "1-0"]
[WhiteElo "2413"]
[BlackElo "2276"]
[TimeControl "180+1"]
[EndTime "11:34:41 PDT"]
[Termination "vova-79 won on time"]

1. d4 Nf6 2. c4 g6 3. Nc3 d5 4. Nf3 Bg7 5. Bf4 c5 6. dxc5 Ne4 7. Nxe4 dxe4 8. Qxd8+ Kxd8 9. O-O-O+ Ke8 10. Nd2 Na6 11. Nxe4 Bf5 12. Ng3 Nxc5 13. Nxf5 gxf5 14. Rd5 Rc8 15. e3 e6 16. Rd2 h5 17. h4 Ne4 18. Rc2 e5 19. Bh2 Bf6 20. Bd3 Nd6 21. c5 Ne4 22.
f3 Nxc5 23. Bxf5 Rc7 24. Bg3 1-0

[Event "*** SCC Grand Prix: Titled Tuesday Blitz"]
[Site "Chess.com"]
[Date "2020.06.23"]
[Round "8"]
[White "viktorskliarov"]
[Black "Andrii_Prydun"]
[Result "1-0"]
[WhiteElo "2548"]
[BlackElo "2390"]
[TimeControl "180+1"]
[EndTime "11:34:43 PDT"]
[Termination "viktorskliarov won by resignation"]

1. e4 d5 2. exd5 Qxd5 3. Nc3 Qd6 4. d4 c6 5. Nf3 Bg4 6. h3 Bxf3 7. Qxf3 Qxd4 8. Be3 Qd8 9. Rd1 Nd7 10. Bc4 e6 11. Ne4 Ngf6 12. Nd6+ Bxd6 13. Rxd6 Qe7 14. Qd1 Nd5 15. Rxd5 exd5 16. Be2 O-O 17. O-O Rfe8 18. Qd4 Qe5 19. Qb4 d4 20. Bg4 f5 21. Bxd4 Qe6 22. Bf3 b6 23. Bc3 Rad8 24. Re1 Qf7 25. Rxe8+ Rxe8 26. Bxc6 Rd8 27. Qd6 h6 28. Bd5 1-0

[Event "*** SCC Grand Prix: Titled Tuesday Blitz"]
[Site "Chess.com"]
[Date "2020.06.23"]
[Round "8"]
[White "GMJustin"]
[Black "Kumi29"]
[Result "0-1"]
[WhiteElo "2263"]
[BlackElo "2394"]
[TimeControl "180+1"]
[EndTime "11:34:44 PDT"]
[Termination "Kumi29 won by checkmate"]

1. e4 e5 2. Nc3 Nf6 3. g3 Nc6 4. Bg2 h5 5. d3 h4 6. g4 h3 7.
Nxh3 d5 8. exd5 Nd4 9. Bg5 Be7 10. Bxf6 Bxf6 11. Ne4 Bh4 12. c3 Nb5 13. Qe2 Bd7 14.
O-O-O Qe7 15. Kb1 O-O-O 16. Ng1 f5 17. gxf5 Bxf5 18. Qe3 Kb8 19. Ne2 Rhf8 20. N2g3 Bh7 21. Nc5 Bg5 22. f4 Bxf4 23. Qg1 Rd6 24. Ne6 Rb6 25. Ka1 Nxc3 26. Nxf8 Rxb2 27. Kxb2 Qb4+ 28.
Kc2 Nb5 29. Rb1 Qc3+ 30. Kd1 Qd2# 0-1

[Event "*** SCC Grand Prix: Titled Tuesday Blitz"]
[Site "Chess.com"]
[Date "2020.06.23"]
[Round "8"]
[White "mshuaau0"]
[Black "GianmarcoVaR"]
[Result "0-1"]
[WhiteElo "2191"]
[BlackElo "2374"]
[TimeControl "180+1"]
[EndTime "11:34:45 PDT"]
[Termination "GianmarcoVaR won on time"]

1. e4 c5 2. Nf3 d6 3. d4 cxd4 4. Nxd4 Nf6 5. Nc3 a6 6. Bg5 Nbd7 7. Qd2 e6 8. O-O-O Be7 9. Kb1 O-O 10. f3 Qc7 11. h4 b5 12. g4 b4 13. Nce2 Ne5 14.
Bxf6 Bxf6 15. g5 Be7 16. Ng3 Bb7 17. h5 d5 18. exd5 Bxd5 19. Ne4 Nxf3 20. Nxf3 Bxe4 21. Bg2 Qb7 22. g6 Bf6 23. gxh7+ Kh8 24. Qe3 Rac8 25.
Rc1 Rc3 26. Qf4 b3 0-1

[Event "*** SCC Grand Prix: Titled Tuesday Blitz"]
[Site "Chess.com"]
[Date "2020.06.23"]
[Round "8"]
[White "hectorfiori"]
[Black "politeplayer"]
[Result "0-1"]
[WhiteElo "2303"]
[BlackElo "2180"]
[TimeControl "180+1"]
[EndTime "11:34:45 PDT"]
[Termination "politeplayer won by resignation"]

1. e4 e6 2. Nf3 c5 3. d4 cxd4 4.
Nxd4 Nc6 5. Nc3 Qc7 6. Ndb5 Qb8 7. Be3 a6 8. Bb6 axb5 9. Nxb5 Bb4+ 10. c3 Ba5 11.
Nc7+ Qxc7 12. Bxc7 Bxc7 13. Qg4 g6 14. Bb5 Nge7 15.
O-O h5 16. Qe2 h4 17. h3 Rh5 18. a4 Kf8 19. b4 d5 20. Rad1 dxe4 21. Qxe4 Nd5 22.
Qc2 Rg5 23. Kh1 Nf4 24. Bxc6 bxc6 25. Qe4 Rxa4 26. Qxc6 Ra7 27. b5 Bb7 28. Rd8+ Kg7 29. Qxc7 Bxg2+ 30. Kh2 Rxc7 31. Rc1 Ne2 32. b6 Bf3 33.
bxc7 Rg2+ 34. Kh1 Rg1+ 35. Kh2 Rxc1 36. Rg8+ Kxg8 37. c8=Q+ Kg7 0-1

[Event "*** SCC Grand Prix: Titled Tuesday Blitz"]
[Site "Chess.com"]
[Date "2020.06.23"]
[Round "8"]
[White "baby_leo"]
[Black "rududuyk"]
[Result "1-0"]
[WhiteElo "1970"]
[BlackElo "2124"]
[TimeControl "180+1"]
[EndTime "11:34:49 PDT"]
[Termination "baby_leo won on time"]

1. Nf3 e6 2. d4 f5 3. g3 Nf6 4.
Bg2 Be7 5. O-O O-O 6. b3 d6 7.
Bb2 Qe8 8. Nbd2 Qh5 9. Re1 Ne4 10. Rf1 Bf6 11. c4 a5 12. Qc2 Nxd2 13. Qxd2 Nd7 14. Ne1 e5 15. Nd3 g5 16. dxe5 dxe5 17. Qe3 e4 18.
Bxf6 Nxf6 19. Ne5 Ra6 20. f3 Re6 21. f4 Ng4 22. Nxg4 fxg4 23. fxg5 1-0

[Event "*** SCC Grand Prix: Titled Tuesday Blitz"]
[Site "Chess.com"]
[Date "2020.06.23"]
[Round "8"]
[White "Bigfish1995"]
[Black "bascheyaro"]
[Result "0-1"]
[WhiteElo "3016"]
[BlackElo "2732"]
[TimeControl "180+1"]
[EndTime "11:34:50 PDT"]
[Termination "bascheyaro won by resignation"]

1. e4 e6 2. d4 d5 3. Nc3 Bb4 4. e5 Ne7 5. a3 Bxc3+ 6. bxc3 b6 7. h4 Ba6 8. Bxa6 Nxa6 9. h5 h6 10. Qd3 Nb8 11. a4 c5 12. a5 Nbc6 13. Nf3 cxd4 14. Nxd4 Nxd4 15. cxd4 Rc8 16. axb6 axb6 17. Ba3 O-O 18. O-O Re8 19. Rfb1 Rc4 20. Bd6 Nf5 21. c3 Nxd6 22. exd6 Qxd6 23. Ra7 Rec8 24. Rb3 Qf4 25. g3 Qc1+ 26. Kg2 Rxc3 27. Rxc3 Qxc3 28. Qd1 Rb8 29. Qg4 Qc8 30. Qf4 Rb7 31. Ra6 b5 32. Qd6 b4 33. Rc6 Qe8 34. Qc5 Rb8 35. Rb6 b3 36. Qb4 Rxb6 37. Qxb6 Qa4 38. Qb8+ Kh7 39. Qb7 Qc4 40. Qxf7 Qc2 0-1

[Event "*** SCC Grand Prix: Titled Tuesday Blitz"]
[Site "Chess.com"]
[Date "2020.06.23"]
[Round "8"]
[White "c63_amg"]
[Black "reutik"]
[Result "0-1"]
[WhiteElo "2720"]
[BlackElo "2440"]
[TimeControl "180+1"]
[EndTime "11:34:54 PDT"]
[Termination "reutik won on time"]

1. e4 e6 2. d4 d5 3. Nc3 Bb4 4. Ne2 dxe4 5. a3 Be7 6. Nxe4 Nf6 7. Nxf6+ Bxf6 8. Be3 O-O 9. Qd2 e5 10. d5 Bf5 11. Ng3 Bg6 12. h4 Bxh4 13. O-O-O Nd7 14. Bd3 f5 15. Ne2 f4 16. Bxg6 hxg6 17. Qb4 a5 18. Qc4 b5 19. Qe4 Qg5 20. Bd2 Bxf2 21. g3 Nf6 22. Qg2 Bxg3 23. Rdg1 Nh5 24. Qh3 Qf5 25. Qf1 b4 26. a4 Rad8 27. Nxg3 Nxg3 28. Qc4 Nxh1 29. Rxh1 Rd6 30. Qxc7 Qd7 31. Qc4 Rc8 32. Qe4 Qf5 33. Qxf5 gxf5 0-1

[Event "*** SCC Grand Prix: Titled Tuesday Blitz"]
[Site "Chess.com"]
[Date "2020.06.23"]
[Round "8"]
[White "MYMChessAcademy"]
[Black "larbiben"]
[Result "0-1"]
[WhiteElo "2198"]
[BlackElo "2035"]
[TimeControl "180+1"]
[EndTime "11:34:54 PDT"]
[Termination "larbiben won by checkmate"]

1. e4 e6 2. d4 d5 3. Nc3 Nf6 4. e5 Nfd7 5. f4 c5 6. Nf3 Nc6 7. Be3 Qb6 8. Na4 Qa5+ 9. c3 cxd4 10. b4 Qc7 11. Nxd4 a6 12. Be2 b5 13. Nb2 Nb6 14. Bd3 Nc4 15. Nxc4 dxc4 16. Be2 Bb7 17. O-O Be7 18. Bf3 O-O 19. Nxc6 Bxc6 20.
Bxc6 Qxc6 21. Qh5 Qe4 22. Rf3 Qg6 23. Qxg6 hxg6 24. Rd1 Rfd8 25. Rff1 Kf8 26. Bb6 Rdb8 27. Bc7 Rc8 28. Bd6 Ke8 29. Rd2 a5 30. a3 axb4 31. axb4 Ra3 32. Rfd1 Rxc3 33. Bxe7 Kxe7 34. Rd7+ Kf8 35.
Rb7 Rd3 36. Ra1 Kg8 37. Rc1 Rd5 38. g4 Rcd8 39. Kg2 Rd2+ 40. Kg3 R8d3+ 41. Kh4 Rxh2+ 42. Kg5 Rg3 43. Rd1 Rh5# 0-1

[Event "*** SCC Grand Prix: Titled Tuesday Blitz"]
[Site "Chess.com"]
[Date "2020.06.23"]
[Round "8"]
[White "SHIVACalypso"]
[Black "Mourinho_Jose"]
[Result "0-1"]
[WhiteElo "2349"]
[BlackElo "2473"]
[TimeControl "180+1"]
[EndTime "11:34:55 PDT"]
[Termination "Mourinho_Jose won by resignation"]

1. Nf3 d5 2. c4 e6 3. g3 Nf6 4.
Bg2 dxc4 5. Qa4+ c6 6. Qxc4 b5 7. Qc2 Bb7 8. d4 Nbd7 9. O-O c5 10. dxc5 Bxc5 11. Rd1 Rc8 12. Qb3 Qb6 13. e3 O-O 14. Nc3 a6 15. a4 b4 16. a5 Qa7 17. Na4 Bd5 18. Qd3 Qb7 19. Nxc5 Nxc5 20. Qe2 Nb3 21.
Rb1 Be4 22. Ne1 Bxg2 23. Nxg2 Qe4 24. Qd3 Qxd3 25. Rxd3 Rxc1+ 26. Rxc1 Nxc1 27. Rd6 Nb3 28. Rxa6 Rc8 29. Nf4 g5 30. Nd3 Nc5 31. Nxc5 Rxc5 32. Ra8+ Kg7 33. a6 Rc1+ 34. Kg2 g4 35. a7 Ra1 36. Rb8 Rxa7 37. Rxb4 h5 38. h3 Rc7 39. hxg4 hxg4 40. Rb8 Rc2 41. Rb4 Kg6 42. b3 Rb2 43. Kf1 Kf5 44. Rf4+ Ke5 45. Rb4 Ne4 46. Ke1 Nxf2 47. Rb7 f5 48. b4 Nd3+ 49. Kd1 Rxb4 50. Rd7 Nf2+ 51. Ke1 Ne4 52. Kf1 Rb1+ 53. Kg2 Rb2+ 54.
Kf1 Nxg3+ 55. Kg1 Ne4 56. Kf1 Rd2 57. Ra7 Nc3 58. Ra5+ Nd5 0-1

[Event "*** SCC Grand Prix: Titled Tuesday Blitz"]
[Site "Chess.com"]
[Date "2020.06.23"]
[Round "8"]
[White "dosto07"]
[Black "metalbattler"]
[Result "1-0"]
[WhiteElo "2171"]
[BlackElo "2060"]
[TimeControl "180+1"]
[EndTime "11:34:55 PDT"]
[Termination "dosto07 won by resignation"]

1. e4 d5 2. exd5 Nf6 3. d4 Bg4 4. Be2 Bxe2 5. Qxe2 Qxd5 6. Nf3 e6 7. O-O Nc6 8. Be3 O-O-O 9. c4 Qh5 10. Nc3 Bd6 11. c5 Be7 12. b4 Nxb4 13. Rab1 Nbd5 14.
Rfc1 Nxc3 15. Rxc3 c6 16. Rcb3 Rd7 17. Qb2 Rc7 18.
Rxb7 Nd7 19. Bf4 e5 20. Rxc7+ Kxc7 21. Nxe5 Nxe5 22. Bxe5+ Kd7 23. Qb7+ Ke6 24. Qxc6+ Kf5 25. Qd7+ Kg6 26. Qxe7 Qf5 27. Re1 Rc8 28. h3 h6 29.
Re3 Kh7 30. Rf3 Qb1+ 31. Kh2 Rg8 32. Rxf7 Qg6 33. Rf3 Qc2 34. Rg3 Qf5 1-0

[Event "*** SCC Grand Prix: Titled Tuesday Blitz"]
[Site "Chess.com"]
[Date "2020.06.23"]
[Round "8"]
[White "XxPetroffsxX"]
[Black "cukin84"]
[Result "0-1"]
[WhiteElo "1913"]
[BlackElo "2153"]
[TimeControl "180+1"]
[EndTime "11:34:55 PDT"]
[Termination "cukin84 won by resignation"]

1. e4 c6 2. Nc3 d5 3. d4 a6 4.
exd5 cxd5 5. Nf3 Bg4 6. Be2 Nc6 7. O-O e6 8. Ne5 Bxe2 9. Nxe2 Nf6 10. Ng3 Be7 11.
f4 g6 12. c3 O-O 13. f5 exf5 14.
Bh6 Re8 15. Re1 Nxe5 16. dxe5 Ng4 17. Qd2 Nxh6 18. Qxh6 Bg5 19. Qh3 d4 20. Rad1 d3 21. Nf1 d2 22. Re2 Qb6+ 23. Kh1 Rad8 24. Qg3 Bh6 25.
Qh4 Bg7 26. Rexd2 Rxd2 27. Rxd2 Bxe5 28. Qb4 Qc7 29. h4 h5 30. Qb3 Bf4 31. Rf2 Bg3 32. Rf3 Bxh4 33. Qd5 Bf6 34. Rd3 Bg7 35. Ne3 Qg3 36.
Qf3 Qe1+ 37. Kh2 Qh4+ 38. Kg1 f4 39. Nf1 Bf8 40. Rd4 Bc5 0-1

[Event "*** SCC Grand Prix: Titled Tuesday Blitz"]
[Site "Chess.com"]
[Date "2020.06.23"]
[Round "8"]
[White "ChessArchitect64"]
[Black "tamarozi99"]
[Result "0-1"]
[WhiteElo "1886"]
[BlackElo "2073"]
[TimeControl "180+1"]
[EndTime "11:34:55 PDT"]
[Termination "tamarozi99 won by checkmate"]

1. d4 Nf6 2. c4 g6 3. Nc3 Bg7 4. Nf3 d6 5. Bg5 Nbd7 6. e3 O-O 7. Qc2 b6 8. Be2 Bb7 9. O-O h6 10. Bh4 g5 11. Bg3 Re8 12. b4 e5 13. dxe5 dxe5 14.
Rfd1 Qe7 15. Nd5 Nxd5 16. cxd5 e4 17. Nd4 Bxd5 18. Nf5 Qe6 19. Nxg7 Kxg7 20. Qxc7 Rec8 21. Qd6 Nf6 22. Rac1 Bxa2 23. Ba6 Qxd6 24. Bxd6 Rxc1 25. Rxc1 Rd8 26. Be5 Kg6 27. h3 Rd5 28. Rc7 Rxe5 29. Rxa7 Bd5 30. Bc8 Re8 31. Bg4 Ra8 32. Rc7 Ra1+ 33.
Kh2 Rb1 34. Kg3 Rxb4 35. Rc8 Be6 36. Rd8 Bxg4 37. hxg4 Rb2 38. Rb8 b5 39. f4 exf3 40. gxf3 b4 41. f4 gxf4+ 42. exf4 Rb3+ 43. Kh4 Rb1 44. f5+ Kg7 45. Rb6 Rh1+ 46. Kg3 Rg1+ 47. Kf3 Rxg4 48. Rxf6 Kxf6 49. Kxg4 b3 50. Kh5 b2 51. Kxh6 b1=Q 52. Kh5 Qxf5+ 53. Kh4 Qg6 54. Kh3 Kf5 55. Kh2 Kf4 56. Kh1 Kf3 57. Kh2 Qg2# 0-1

[Event "*** SCC Grand Prix: Titled Tuesday Blitz"]
[Site "Chess.com"]
[Date "2020.06.23"]
[Round "8"]
[White "GuerrieroFromLevant"]
[Black "Mikhail_Golubev"]
[Result "1-0"]
[WhiteElo "2441"]
[BlackElo "2577"]
[TimeControl "180+1"]
[EndTime "11:34:56 PDT"]
[Termination "GuerrieroFromLevant won by resignation"]

1. e4 c5 2. Nf3 d6 3. Bb5+ Bd7 4. Bxd7+ Nxd7 5. O-O Ngf6 6. Qe2 g6 7. b3 Bg7 8. Bb2 O-O 9. c4 e6 10. Nc3 Ne5 11.
Nxe5 dxe5 12. Nb5 Nh5 13. g3 Qd7 14. Rad1 a6 15. Nc3 Rad8 16. d3 b5 17. cxb5 axb5 18. a4 b4 19. Nb5 Qe7 20. Rc1 Rc8 21. Rc4 Rc6 22. Rfc1 Rfc8 23. Qe3 Bf6 24. h4 Ng7 25. g4 Ne8 26. g5 Bg7 27. Qg3 Nd6 28. Nxd6 Qxd6 29.
Kf1 h5 30. Qe3 Qc7 31. R1c2 Bf8 32. Qe1 Rd8 33. Qe3 Qd7 34. Ke2 Bd6 35. Bc1 Rf8 36.
Qg3 f5 37. gxf6 Rxf6 38. Bg5 Rf7 39. Be3 Kh7 40. Qg5 Bf8 41. Qxe5 Bg7 42. Qg3 Rd6 43. Bxc5 Rxd3 44. Qxd3 Rxf2+ 45. Bxf2 1-0

[Event "*** SCC Grand Prix: Titled Tuesday Blitz"]
[Site "Chess.com"]
[Date "2020.06.23"]
[Round "8"]
[White "manmanlai1"]
[Black "GregShahade"]
[Result "1-0"]
[WhiteElo "2439"]
[BlackElo "2563"]
[TimeControl "180+1"]
[EndTime "11:34:56 PDT"]
[Termination "manmanlai1 won on time"]

1. e4 e5 2. Nf3 Nc6 3. Bc4 Nf6 4. d3 Bc5 5. O-O a6 6. c3 d6 7. a4 Ba7 8. Nbd2 O-O 9. h3 h6 10. Re1 Re8 11. b4 Be6 12. Bxe6 Rxe6 13. Qc2 d5 14. Nb3 Qd6 15. b5 Ne7 16. Ba3 Qd7 17. Nc5 Bxc5 18.
Bxc5 axb5 19. Bxe7 Rxe7 20. exd5 Qxd5 21. axb5 Rxa1 22.
Rxa1 Qxb5 23. c4 Qc5 24. Ra8+ Re8 25. Rxe8+ Nxe8 26. Qb2 e4 27. dxe4 Nd6 28. e5 Nxc4 29. Qxb7 Nb6 30. g3 Kh7 31. Qe4+ g6 32. h4 Qd5 33.
Qf4 h5 34. Ng5+ Kg8 35. e6 f5 36. Qxc7 Qd1+ 37. Kh2 1-0

[Event "*** SCC Grand Prix: Titled Tuesday Blitz"]
[Site "Chess.com"]
[Date "2020.06.23"]
[Round "8"]
[White "KubaGepard"]
[Black "Schandenfreude"]
[Result "0-1"]
[WhiteElo "2358"]
[BlackElo "2529"]
[TimeControl "180+1"]
[EndTime "11:34:57 PDT"]
[Termination "Schandenfreude won by resignation"]

1. d4 d5 2. Nf3 Nf6 3. c4 dxc4 4. e3 e6 5. Bxc4 c5 6. O-O a6 7. Nc3 Nc6 8. e4 cxd4 9. Ne2 Nxe4 10. Nexd4 Nxd4 11. Nxd4 Be7 12. Qa4+ Bd7 13. Qc2 Nf6 14. Bg5 Rc8 15.
Qe2 Qa5 16. Bxf6 gxf6 17. Rac1 Qe5 18. Qd3 Bc5 19. Nf3 Qh5 20. Rfe1 Bc6 21. Nd4 Bxd4 22. Qxd4 Qg5 23. f3 Rd8 24. Qf2 Rd2 25. Qf1 Rg8 26.
g3 Qc5+ 27. Kh1 Rf2 28. Qg1 Bxf3+ 0-1

[Event "*** SCC Grand Prix: Titled Tuesday Blitz"]
[Site "Chess.com"]
[Date "2020.06.23"]
[Round "8"]
[White "Tsyhanchuk_Stanislav"]
[Black "Michaelson_11"]
[Result "1-0"]
[WhiteElo "2379"]
[BlackElo "2083"]
[TimeControl "180+1"]
[EndTime "11:35:00 PDT"]
[Termination "Tsyhanchuk_Stanislav won by checkmate"]

1. e4 c5 2. Nf3 Nc6 3. d4 cxd4 4. Nxd4 g6 5. Nc3 Bg7 6. Be3 Nf6 7. Bc4 O-O 8. Bb3 Re8 9. O-O a6 10. Nxc6 bxc6 11.
e5 Nd5 12. Nxd5 cxd5 13. Qxd5 Rb8 14. Qxf7+ Kh8 15. Bg5 Bxe5 16. Rae1 d6 17. Rxe5 dxe5 18. Bh6 Rg8 19. Re1 Bf5 20. h3 Rxb3 21. axb3 Qd6 22.
Bg5 Qe6 23. Qxe6 Bxe6 24. Rxe5 Bf5 25. Rxe7 Rb8 26. Bf6+ Kg8 27. Rg7+ Kf8 28. Rxh7 Rb6 29. Bd4 Re6 30. c3 Re1+ 31. Kh2 Rb1 32. g4 Be4 33. Kg3 Rxb2 34. b4 Rd2 35. Kf4 Bd3 36.
Ke5 Ke8 37. f4 Re2+ 38. Kf6 Rf2 39. Be5 Kd8 40. h4 Rg2 41. g5 Rh2 42. h5 gxh5 43. g6 Rg2 44. Rh6 h4 45. g7 h3 46. Rh8+ Kd7 47.
g8=Q Rxg8 48. Rxg8 Be4 49. Rh8 Bg2 50. f5 Kc6 51.
Bh2 Kd5 52. Ke7 Kc4 53. f6 Kxc3 54. f7 Kxb4 55. f8=Q Bc6 56. Rh4+ Ka5 57. Qf5+ Bb5 58. Bc7# 1-0